 Dungeon Crawl Stone Soup version 0.27-b1-23-g44b8eac545 (webtiles) character file.

Game seed: 3884553202658399796

952 Crownlay the Chiller (level 8, 0/58 HPs)
             Began as a Gnoll Ice Elementalist on July 28, 2021.
             Slain by a gnoll sergeant (12 damage)
             ... on level 6 of the Dungeon.
             The game lasted 00:09:38 (5445 turns).

Crownlay the Chiller (Gnoll Ice Elementalist)       Turns: 5445, Time: 00:09:38

Health: 0/58       AC:  3    Str:  8    XL:     8   Next: 14%
Magic:  11/16      EV: 14    Int: 16    God:
Gold:   321        SH:  0    Dex: 13    Spells: 11/18 levels left

rFire    . . .     SeeInvis .   o - +5 hand axe (drain)
rCold    . . .     Faith    +   (no shield)
rNeg     . . .     Spirit   .   a - +0 robe
rPois    .         Reflect  .   (no helmet)
rElec    .         Harm     .   k - +0 cloak
rCorr    .         Rampage  .   (no gloves)
Will     .....                  (no boots)
Stlth    +++.......             l - amulet of faith
HPRegen  0.19/turn              (no ring)
MPRegen  0.15/turn              (no ring)

@: lethally poisoned (0 -> -5)
A: fangs 1, strong nose, distributed training
a: no special abilities


You were on level 6 of the Dungeon.
You visited 1 branch of the dungeon, and saw 6 of its levels.

You collected 321 gold pieces.

Inventory:

Hand Weapons
 o - a +5 hand axe of draining (weapon)
Missiles
 r - 2 boomerangs (quivered)
 t - 38 poisoned darts
Armour
 a - a +0 robe (worn)
 j - +0 pearl dragon scales
 k - a +0 cloak (worn)
Jewellery
 l - an amulet of faith (around neck)
 q - a ring of fire
 x - an amulet of guardian spirit
 y - a ring of ice
Wands
 p - a wand of iceblast (9)
Scrolls
 b - a scroll of enchant weapon
 d - 2 scrolls of teleportation
 e - a scroll of summoning
 f - a scroll of torment
 g - 2 scrolls of amnesia
 h - a scroll of magic mapping {unknown}
 v - a scroll of blinking
Potions
 c - a potion of flight {unknown}
 i - a potion of might {unknown}
 m - 2 potions of curing
 n - a potion of attraction {unknown}
 s - 4 potions of heal wounds {unknown}
 u - 2 potions of degeneration {unknown}
 w - 2 potions of brilliance {unknown}


   Skills:
 + Level 3.0 Fighting
 + Level 3.0 Short Blades
 + Level 3.0 Long Blades
 + Level 3.0 Axes
 + Level 3.0 Maces & Flails
 + Level 3.0 Polearms
 + Level 3.0 Staves
 + Level 3.0 Slings
 + Level 3.0 Bows
 + Level 3.0 Crossbows
 + Level 3.0 Throwing
 + Level 3.0 Armour
 + Level 5.5 Dodging
 + Level 5.2 Stealth
 + Level 3.0 Shields
 + Level 3.0 Unarmed Combat
 + Level 5.9 Spellcasting
 + Level 2.4 Conjurations
 + Level 2.4 Hexes
 + Level 2.4 Summonings
 + Level 2.4 Necromancy
 + Level 2.4 Translocations
 + Level 2.4 Transmutations
 + Level 2.4 Fire Magic
 + Level 7.5 Ice Magic
 + Level 2.4 Air Magic
 + Level 2.4 Earth Magic
 + Level 2.4 Poison Magic
 + Level 3.3 Invocations
 + Level 3.0 Evocations


You had 11 spell levels left.
You knew the following spells:

 Your Spells              Type           Power      Damage    Failure   Level
a - Freeze                Ice            100%       1d11      1%          1
b - Frozen Ramparts       Ice            56%        1d7       1%          3
c - Ozocubu's Armour      Ice            28%        N/A       1%          3

Your spell library contained the following spells:

 Spells                   Type           Power      Damage    Failure   Level
 Foxfire                  Conj/Fire      48%        2x1d6     5%          1
 Summon Small Mammal      Summ           48%        N/A       5%          1
 Blink                    Tloc           N/A        N/A       8%          2
 Call Canine Familiar     Summ           12%        N/A       16%         3
 Conjure Flame            Conj/Fire      12%        6-21      16%         3
 Inner Flame              Hex/Fire       12%        N/A       16%         3
 Lesser Beckoning         Tloc           6%         N/A       16%         3
 Summon Guardian Golem    Hex/Summ       12%        N/A       16%         3
 Hailstorm                Conj/Ice       20%        3d6       19%         4
 Manifold Assault         Tloc           12%        N/A       82%         5


Dungeon Overview and Level Annotations

Branches:
Dungeon (6/15)
 Temple: D:4-7

Altars:
Gozag
Hepliaklqana
Makhleb

Shops:
D:1 *   D:6 (


Innate Abilities, Weirdness & Mutations

You have very sharp teeth.
Your uncanny sense of smell can sniff out nearby items.
Your experience applies equally to all skills.


Message History

Your Throwing skill increases to level 3!
Your Armour skill increases to level 3!
Your Shields skill increases to level 3!
Your Unarmed Combat skill increases to level 3!
Your Evocations skill increases to level 3!
You hit the gnoll but do no damage.
The gnoll is heavily wounded.
You feel very sick.
The wall freezes the gnoll.
The gnoll hits you with a +0 club.
The wall freezes the gnoll. x2; The wall freezes the gnoll!
You kill the gnoll!
The wall freezes the gnoll sergeant.
The gnoll sergeant closely misses you.
You closely miss the gnoll.
The gnoll is moderately wounded.
You feel sick.
The wall freezes the gnoll.
The gnoll closely misses you.
The wall freezes the gnoll.
The gnoll closely misses you.
The wall freezes the gnoll sergeant.
The gnoll sergeant hits you but does no damage.
You are more poisoned.
You hit the gnoll. You drain the gnoll.
The gnoll is severely wounded.
You feel very sick.
The wall freezes the gnoll.
The gnoll closely misses you.
The wall freezes the gnoll.
The gnoll closely misses you.
The wall freezes the gnoll sergeant!
The gnoll sergeant completely misses you.
You slash the gnoll!
You kill the gnoll!
You feel very sick.
The wall freezes the gnoll.
You kill the gnoll!
The wall freezes the gnoll sergeant.
The gnoll sergeant closely misses you.
Unknown command.
Your icy armour and frozen ramparts will break if you move.
Continue?
Your icy armour cracks and falls away as you move.
The frozen ramparts melt away as you move.
An orc comes into view. It is wielding a +0 flail.
You feel sick.
The gnoll sergeant hits you with a +2 spear of venom!
You die...

#.#..# ∆∆
+......#.## ...
###...# #....../##
.... ....#
#.........##...# .
#..................#
.##..##.........##
............##
..##.##....# .. #.
#...## . #@)>#
......g).##
........## .......##
..o.... ...#...
.....#. ..!..#.


You could see a gnoll sergeant and an orc (wandering).

Vanquished Creatures
  Sigmund (D:3)
  2 ogres (D:5)
  3 scorpions
  A centaur zombie (D:5)
  A hound (D:6)
  A jelly (D:5)
  Terence (D:3)
  An iguana (D:6)
  An orc wizard (D:4)
  A howler monkey zombie (D:5)
  13 gnolls
  6 adders
  4 adder skeletons
  3 worms
  4 dart slugs
  3 orcs (D:4)
  3 endoplasms
  10 goblins
  4 hobgoblins (D:1)
  7 jackals
  2 quokkas
  4 ball pythons
  4 bats
  3 frilled lizards
  4 kobolds
  2 rats
89 creatures vanquished.

Notes
Turn   | Place    | Note
-------+----------+-------------------------------------------
     0 | D:1      | Crownlay the Gnoll Ice Elementalist began the quest for the
                  | Orb.
     0 | D:1      | Reached XP level 1. HP: 13/13 MP: 6/6
   261 | D:1      | Reached XP level 2. HP: 19/19 MP: 3/7
   333 | D:1      | Found Ytaoret's Assorted Antiques.
  1077 | D:1      | Reached XP level 3. HP: 25/25 MP: 6/9
  1081 | D:1      | Learned a level 3 spell: Frozen Ramparts
  1085 | D:1      | Learned a level 3 spell: Ozocubu's Armour
  1206 | D:1      | Reached skill level 5 in Spellcasting
  1469 | D:2      | Reached skill level 1 in Invocations
  1654 | D:2      | Found a faded altar of an unknown god.
  1798 | D:2      | Reached skill level 1 in Fighting
  1798 | D:2      | Reached skill level 1 in Short Blades
  1798 | D:2      | Reached skill level 1 in Long Blades
  1798 | D:2      | Reached skill level 1 in Axes
  1798 | D:2      | Reached skill level 1 in Maces & Flails
  1798 | D:2      | Reached skill level 1 in Polearms
  1798 | D:2      | Reached skill level 1 in Staves
  1798 | D:2      | Reached skill level 1 in Slings
  1798 | D:2      | Reached skill level 1 in Bows
  1798 | D:2      | Reached skill level 1 in Crossbows
  1798 | D:2      | Reached skill level 1 in Throwing
  1798 | D:2      | Reached skill level 1 in Armour
  1798 | D:2      | Reached skill level 1 in Shields
  1798 | D:2      | Reached skill level 1 in Unarmed Combat
  1798 | D:2      | Reached skill level 1 in Evocations
  1968 | D:2      | Reached XP level 4. HP: 32/32 MP: 9/11
  2061 | D:3      | Noticed Terence
  2072 | D:3      | Killed Terence
  2136 | D:3      | Reached skill level 1 in Conjurations
  2136 | D:3      | Reached skill level 1 in Hexes
  2136 | D:3      | Reached skill level 1 in Summonings
  2136 | D:3      | Reached skill level 1 in Necromancy
  2136 | D:3      | Reached skill level 1 in Translocations
  2136 | D:3      | Reached skill level 1 in Transmutations
  2136 | D:3      | Reached skill level 1 in Fire Magic
  2136 | D:3      | Reached skill level 1 in Air Magic
  2136 | D:3      | Reached skill level 1 in Earth Magic
  2136 | D:3      | Reached skill level 1 in Poison Magic
  2305 | D:3      | Noticed Sigmund
  2317 | D:3      | Killed Sigmund
  2318 | D:3      | Reached XP level 5. HP: 31/38 MP: 8/12
  2318 | D:3      | Reached XP level 6. HP: 36/44 MP: 8/13
  2668 | D:3      | Found an opulent altar of Gozag.
  2668 | D:3      | Found a hazy altar of Hepliaklqana.
  3138 | D:4      | Reached skill level 5 in Dodging
  4003 | D:5      | Entered Level 5 of the Dungeon
  4075 | D:5      | Reached XP level 7. HP: 25/50 MP: 13/15
  4655 | D:5      | Reached skill level 5 in Stealth
  4727 | D:5      | Found a burning altar of Makhleb.
  5159 | D:6      | Found Sismyuhy's Antique Weapon Boutique.
  5379 | D:6      | Reached XP level 8. HP: 57/57 MP: 10/16
  5445 | D:6      | Slain by a gnoll sergeant

Illustrated notes

Levels and vault maps discovered:
D:1:      shiori_arrival_oz, layout_loops_ring, serial_shops, nicolae_shop_trees
D:2:      layout_basic, shapermc_ecumenical_altar_hornbeckon
D:3:      layout_rooms, gammafunk_temple_overflow_wave, corner_web_ring,
          uniq_sigmund, uniq_terence
D:4:      wander_river, layout_basic, minmay_quantized
D:5:      layout_loops_cross, mainiacjoe_overflow_alcove_1
D:6:      layout_cave_pools, serial_gnoll_camp, gnoll_camp_huts_basic,
          gnoll_camp_mini_hut, gnoll_camp_medium_01, gnoll_camp_mini_shop,
          gnoll_camp_mini_loothouse, kennysheep_diamond

Skill      XL: |  1  2  3  4  5  6  7  8 |
---------------+-------------------------+-----
Spellcasting   | 5 |  5.9
Invocations    | 1 2 3 |  3.3
Fighting       | 1 2 3 |  3.0
Short Blades   | 1 2 3 |  3.0
Long Blades    | 1 2 3 |  3.0
Axes           | 1 2 3 |  3.0
Maces & Flails | 1 2 3 |  3.0
Polearms       | 1 2 3 |  3.0
Staves         | 1 2 3 |  3.0
Slings         | 1 2 3 |  3.0
Bows           | 1 2 3 |  3.0
Crossbows      | 1 2 3 |  3.0
Throwing       | 1 2 3 |  3.0
Armour         | 1 2 3 |  3.0
Shields        | 1 2 3 |  3.0
Unarmed Combat | 1 2 3 |  3.0
Evocations     | 1 2 3 |  3.0
Conjurations   | 1 2 |  2.4
Hexes          | 1 2 |  2.4
Summonings     | 1 2 |  2.4
Necromancy     | 1 2 |  2.4
Translocations | 1 2 |  2.4
Transmutations | 1 2 |  2.4
Fire Magic     | 1 2 |  2.4
Air Magic      | 1 2 |  2.4
Earth Magic    | 1 2 |  2.4
Poison Magic   | 1 2 |  2.4
Dodging        | 5 |  5.5
Stealth        | 5 |  5.2
Ice Magic      | |  7.5

Action                   |  1- 3 |  4- 6 |  7- 9 || total
-------------------------+-------+-------+-------++-------
Melee: Dagger            |    27 |     5 |       ||    32
       Hand axe          |       |    83 |    48 ||   131
       Bite              |       |     8 |     5 ||    13
       Punch             |       |     1 |       ||     1
Throw: Boomerang         |       |     2 |    16 ||    18
 Cast: Freeze            |    46 |     1 |       ||    47
       Frozen Ramparts   |       |     3 |     7 ||    10
       Ozocubu's Armour  |       |     2 |     3 ||     5
  Use: Scroll            |       |     3 |     3 ||     6
 Stab: Sleeping          |     5 |     6 |     4 ||    15
Armor: Robe              |     4 |    17 |     9 ||    30
Dodge: Dodged            |    41 |    57 |    52 ||   150
